 Dungeon Crawl Stone Soup version 0.22-a0-315-ge0921bb (webtiles) character file.

310 JeffiDaFish the Shield-Bearer (level 6, -1/38 HPs)
             Began as a Gargoyle Fighter on Apr 2, 2018.
             Slain by Robin
             ... wielding a +0 spear
              (3 damage)
             ... on level 2 of the Dungeon.
             The game lasted 00:06:17 (3189 turns).

JeffiDaFish the Shield-Bearer (Gargoyle Fighter)    Turns: 3189, Time: 00:06:17

Health: -1/38      AC:  0    Str: 19    XL:     6   Next: 41%
Magic:  6/6        EV: 13    Int: 10    God:
Gold:   59         SH:  0    Dex: 10    Spells: 5/5 levels left

rFire    . . .     SeeInvis .   (weapon currently unavailable)
rCold    . . .     Gourm    .   (shield currently unavailable)
rNeg     + . .     Faith    .   (armour currently unavailable)
rPois    ∞         Spirit   .   (helmet currently unavailable)
rElec    .         Reflect  .   (cloak currently unavailable)
rCorr    .         Harm     .   (gloves currently unavailable)
MR       .....                  (boots currently unavailable)
Stlth    +.........             (no amulet)
HPRegen  0.12/turn              (ring currently unavailable)
MPRegen  0.10/turn              (ring currently unavailable)

@: about to teleport, pig-form, very quick
A: small, negative energy resistance 1, petrification resistance, rot immunity,
AC +4
a: no special abilities


You were on level 2 of the Dungeon.
You were not hungry.
You were a filthy swine.
You visited 1 branch of the dungeon, and saw 4 of its levels.

You collected 59 gold pieces.

Inventory:

Hand Weapons
 a - a +2 flail (melded)
Armour
 b - a +0 scale mail (melded)
 c - a +1 shield (melded)
Scrolls
 e - a scroll of fear
 g - a scroll of enchant armour
 h - 4 scrolls of identify
 i - a scroll of enchant weapon
Potions
 d - a potion of might
Comestibles
 f - 5 rations
 k - 3 chunks of flesh


   Skills:
 + Level 4.3 Fighting
 + Level 3.1 Maces & Flails
 * Level 5.1 Armour
 * Level 5.1 Shields


You had 5 spell levels left.
You didn't know any spells.

Dungeon Overview and Level Annotations

Branches:
Dungeon (4/15)
 Temple: D:4-7

Altars:
Ashenzari
Elyvilon
Ru

Annotations:
D:2 Robin


Innate Abilities, Weirdness & Mutations

You are resistant to torment.
((Your stone body is resilient. (AC +4)))
You are immune to poison.
You resist negative energy. (rN+)
((You are resistant to electric shocks. (rElec)))
((You can survive without breathing.))
You are immune to petrification.
You are immune to rotting.


Message History

You closely miss Robin.
Robin is lightly wounded.
Robin barely misses you.
You closely miss Robin.
Robin is lightly wounded.
Robin hits you with a spear.
You hit Robin but do no damage.
Robin is lightly wounded.
Robin hits you with a spear!
* * * LOW HITPOINT WARNING * * *
You hit Robin.
Robin is moderately wounded.
You completely miss Robin.
Robin is moderately wounded.
Robin hits you with a spear!
* * * LOW HITPOINT WARNING * * *
Robin misses you.
As you read the scroll of teleportation, it crumbles to dust.
You feel strangely unstable. Robin hits you from afar with a spear.
You die...

#.#.........#......
#.###.....)....#### #.#
#..........# #. #.#
#..........###. #.#
#..........'...
#.###..........####
#............).....
#########################
#.).....h.g....#
##############.#
####'##### #........#
#........# **#........#
#...##g##..# #.###...##.#
#.##.....###


You could see Robin.

Vanquished Creatures
  An orc wizard (D:3)
  Terence (D:3)
  A worker ant (D:3)
  8 gnolls
  6 adders
  3 oozes
  2 worms (D:2)
  3 dart slugs
  3 leopard geckos
  4 orcs (D:3)
  8 bats
  4 giant cockroaches
  8 goblins
  12 hobgoblins
  7 kobolds
  2 ball pythons
  6 frilled lizards
  5 rats
84 creatures vanquished.

Notes
Turn   | Place    | Note
-------+----------+-------------------------------------------
     0 | D:1      | JeffiDaFish the Gargoyle Fighter began the quest for the Orb.
     0 | D:1      | Reached XP level 1. HP: 14/14 MP: 1/1
   309 | D:1      | Reached XP level 2. HP: 19/19 MP: 2/2
   473 | D:1      | Found a shattered altar of Ashenzari.
   539 | D:1      | Reached XP level 3. HP: 22/23 MP: 3/3
  1228 | D:2      | Reached XP level 4. HP: 24/29 MP: 4/4
  1594 | D:2      | Reached XP level 5. HP: 33/33 MP: 5/5
  1696 | D:3      | Noticed Terence
  1793 | D:3      | Killed Terence
  1794 | D:3      | HP: 1/33 [gnoll/whip (5)]
  2093 | D:3      | Reached XP level 6. HP: 33/38 MP: 6/6
  2159 | D:3      | Reached skill level 5 in Shields
  2598 | D:3      | Reached skill level 5 in Armour
  2614 | D:3      | Found a sacrificial altar of Ru.
  3068 | D:2      | Noticed Robin
  3105 | D:2      | Found a white marble altar of Elyvilon.
  3185 | D:2      | HP: 1/38 [Robin/spear (7)]
  3189 | D:2      | Slain by Robin

Vault maps used:
D:1:      denvon_arrival_waterhouse, serial_bayou_pond_e, ashenzari_altar_1
D:2:      lemuel_round_altar, first_ration, uniq_robin
D:3:      nicolae_ru_the_path_less_chosen, uniq_terence
D:4:      kennysheep_mini_moat, lemuel_round_altar, temple_hall, serial_shops,
          shop, shop, nicolae_shop_window_shopping, shop, elyvilon_altar_4,
          uniq_sigmund, uniq_eustachio

Skill      XL: |  1  2  3  4  5  6 |
---------------+-------------------+-----
Shields        | 4 5 |  5.1
Armour         | 4 5 |  5.1
Fighting       | 4 |  4.3
Maces & Flails | 3 |  3.1

Action                   |  1- 3 |  4- 6 || total
-------------------------+-------+-------++-------
Melee: Flail             |   121 |   211 ||   332
       Unarmed           |       |    14 ||    14
  Use: Potion            |     2 |     2 ||     4
       Scroll            |     5 |     6 ||    11
  Eat: Chunk             |     1 |     7 ||     8
Armor: Scale mail        |    65 |   177 ||   242
Dodge: Dodged            |    45 |   125 ||   170
Block: Shield            |    85 |   186 ||   271

Table legend:
 A = Spawn XP
 B = Non-spawn XP
 C = Spawn XP percentage of total XP
 D = Spawn monster count
 E = Non-spawn monster count
 F = Spawn count percentage of total count
 G = Total turns spent on level
                    A         B        C        D         E        F      G
               +---------+---------+-------+---------+---------+-------+---------
         Total |       0 |     444 |   0.0 |       0 |      84 |   0.0 |  3189
               +---------+---------+-------+---------+---------+-------+---------
           D:1 |       0 |      47 |   0.0 |       0 |      24 |   0.0 |   936
           D:2 |       0 |     162 |   0.0 |       0 |      32 |   0.0 |  1174
           D:3 |       0 |     235 |   0.0 |       0 |      28 |   0.0 |  1070
               +---------+---------+-------+---------+---------+-------+---------
